WCHLSIM.com - West Coast Hockey League
html PUBLIC "-//W3C//DTD XHTML 1.0 Transitional//EN" "http://www.w3.org/TR/xhtml1/DTD/xhtml1-transitional.dtd"> WCHL - Game 254 - ANAHEIM OUTLAWS vs SAN JOSE BRONCOS

ANAHEIM OUTLAWS vs SAN JOSE BRONCOS

Created - 20 décembre 2020 at 21:44

Goals
1 2 3 T
ANAHEIM OUTLAWS 1 1 0 2
SAN JOSE BRONCOS 0 0 1 1
Shots
1 2 3 T
ANAHEIM OUTLAWS 4 6 3 13
SAN JOSE BRONCOS 8 12 10 30

1st period

1. ANAHEIM OUTLAWS , John Tavares 6 (Kevin Fiala 7, Morgan Rielly 9) at 10:56

Penalties :
No Penalty

2nd period

2. ANAHEIM OUTLAWS , John Tavares 7 (Kevin Fiala 8, Jake DeBrusk 3) at 17:06

Penalties :
Morgan Rielly (ANA) for Hooking (Minor) at 17:18

3rd period

3. SAN JOSE BRONCOS , Elias Lindholm 6 (Oliver Bjorkstrand 8, Jaccob Slavin 8) at 7:26

Penalties :
John Tavares (ANA) for Holding Stick (Minor) at 8:08, Adam Pelech (SJO) for Holding (Minor) at 13:01

Goalie Stats

Pekka Rinne (ANA), 29 saves from 30 shots - (0,967), W, 2-2-2, 60:00 minutes
Jacob Markstrom (SJO), 11 saves from 13 shots - (0,846), L, 10-6-0, 59:13 minutes

Players Stats for ANAHEIM OUTLAWS

Player Name              G  A  P  +/- PIM S  H  SB GA TA FO     MP     PP MP  PK MP  
------------------------------------------------------------------------------------
Adrian Kempe             0  0  0  -1  0   2  1  0  0  0  0/0    17:05   0:37   0:41 
Frederik Gauthier        0  0  0   0  0   0  0  0  0  0  4/7     8:46   0:00   0:00 
Jake DeBrusk             0  1  1   2  0   0  0  0  0  0  0/1    16:38   1:22   0:00 
Jake Gardiner            0  0  0  -1  0   0  1  1  0  0  0/0    17:10   0:00   1:57 
Joey Anderson            0  0  0   0  0   0  0  1  0  0  0/1     8:46   0:00   0:00 
John Tavares             2  0  2   2  2   5  0  0  0  0  14/21  17:55   1:22   1:18 
Jordan Staal             0  0  0  -1  0   0  1  0  0  0  12/24  19:24   0:37   3:00 
Justin Faulk             0  0  0  -1  0   1  1  3  0  0  0/0    16:57   0:55   0:49 
Kasperi Kapanen          0  0  0  -1  0   0  0  1  0  0  0/2    17:22   0:37   0:58 
Keith Yandle             0  0  0   1  0   0  0  1  0  0  0/0    24:28   1:04   2:30 
Kevin Fiala              0  2  2   2  0   3  1  0  0  0  0/0    17:36   1:22   0:58 
Matt Benning             0  0  0   1  0   0  3  0  0  0  0/0    17:56   0:00   0:00 
Michael Grabner          0  0  0   0  0   0  0  0  0  0  0/1    14:14   0:00   0:00 
Morgan Rielly            0  1  1   1  2   2  1  1  0  0  0/0    23:09   1:04   1:12 
Noah Hanifin             0  0  0   1  0   0  1  1  0  0  0/0    20:19   0:55   1:28 
Pierre Engvall           0  0  0   0  0   0  0  0  0  0  0/0     8:46   0:00   0:00 
Richard Panik            0  0  0   0  0   0  0  0  0  0  0/0    14:14   0:00   0:00 
Sam Bennett              0  0  0   0  0   0  3  0  0  0  6/16   15:15   0:00   1:01 

Players Stats for SAN JOSE BRONCOS

Player Name              G  A  P  +/- PIM S  H  SB GA TA FO     MP     PP MP  PK MP  
------------------------------------------------------------------------------------
Adam Pelech              0  0  0  -1  2   1  0  0  0  0  0/0    16:28   0:00   0:00 
Anthony Beauvillier      0  0  0  -2  0   0  3  0  0  0  0/0    13:22   0:00   0:00 
Brayden Point            0  0  0   1  0   3  1  0  0  0  8/19   19:14   2:29   0:00 
Charlie Coyle            0  0  0   0  0   1  0  0  0  0  3/4     4:51   0:00   0:06 
Chris Tanev              0  0  0   0  0   1  1  1  0  0  0/0    21:24   2:20   0:32 
Claude Giroux            0  0  0   0  0   3  1  0  0  0  1/2    20:40   1:29   0:00 
Connor Brown             0  0  0   0  0   2  1  1  0  0  0/1    19:45   1:29   0:00 
David Kampf              0  0  0   0  0   1  0  0  0  0  0/0     4:45   0:00   0:00 
Elias Lindholm           1  0  1   1  0   6  0  0  0  0  0/1    20:09   2:29   0:00 
Evgeni Malkin            0  0  0   0  0   3  2  0  0  0  18/28  21:52   1:29   1:12 
Hampus Lindholm          0  0  0   0  0   1  1  2  0  0  0/0    22:49   2:20   1:27 
Jaccob Slavin            0  1  1   0  0   1  0  2  0  0  0/0    22:18   1:38   1:38 
Jesper Bratt             0  0  0  -2  0   1  0  0  0  0  1/1    13:22   0:00   0:00 
Marco Scandella          0  0  0  -1  0   0  0  1  0  0  0/0    16:50   0:00   0:21 
Neal Pionk               0  0  0   0  0   0  0  0  0  0  0/0    20:10   1:38   0:00 
Nick Bonino              0  0  0  -2  0   1  3  0  0  0  6/16   14:09   0:00   0:47 
Oliver Bjorkstrand       0  1  1   1  0   5  0  0  0  0  0/1    19:55   2:29   0:41 
Tyler Motte              0  0  0   0  0   0  0  0  0  0  0/0     5:57   0:00   1:12 

3 Stars

1 - John Tavares (ANA)
2 - Pekka Rinne (ANA)
3 - Kevin Fiala (ANA)

Power Play

ANAHEIM OUTLAWS - 0 on 1 Attempt(s) - 0,00%
SAN JOSE BRONCOS - 0 on 2 Attempt(s) - 0,00%

Penalty Kill

ANAHEIM OUTLAWS - 2 on 2 Attempt(s) - 100,00% - Score 0 goal in Penalty Kill
SAN JOSE BRONCOS - 1 on 1 Attempt(s) - 100,00% - Score 0 goal in Penalty Kill

Team Stat

ANAHEIM OUTLAWS - Hits : 13 - Faceoff Wins : 36 - Blocked Shots : 9 - Penalty Minutes : 4
SAN JOSE BRONCOS - Hits : 13 - Faceoff Wins : 37 - Blocked Shots : 7 - Penalty Minutes : 2

Official

Referees : Chris Schlenker and Troy Paterson
Linesman : Justin Cornell and Vaughan Rody

Game Notes

No Game Note

Finance

Level 1 -- Attendance: 5640 (94,00%) -- Ticket Income 789 600 $
Level 2 -- Attendance: 4186 (83,72%) -- Ticket Income 464 646 $
Level 3 -- Attendance: 2000 (100,00%) -- Ticket Income 160 000 $
Level 4 -- Attendance: 4000 (100,00%) -- Ticket Income 160 000 $
Luxury Box -- Attendance: 980 (98,00%) -- Ticket Income 274 400 $
Total Attendance: 16806 (93,37%)
Total Ticket Income: 1 848 646 $
Other Income: 647 026 $
Total Income: 2 495 672 $

ANAHEIM OUTLAWS

5 vs 5 Forward 
   Center                   Left Wing                Right Wing               Time % Phy DF OF 
 1 John Tavares             Kevin Fiala              Jake DeBrusk             29     0   1  4  
 2 Jordan Staal             Kasperi Kapanen          Adrian Kempe             29     1   1  3  
 3 Sam Bennett              Michael Grabner          Richard Panik            26     1   3  1  
 4 Frederik Gauthier        Pierre Engvall           Joey Anderson            16     2   2  1  

5 vs 5 Defense 
   Defense                  Defense                                           Time % Phy DF OF 
 1 Morgan Rielly            Keith Yandle                                      36     1   2  2  
 2 Matt Benning             Noah Hanifin                                      31     1   2  2  
 3 Justin Faulk             Jake Gardiner                                     23     1   2  2  
 4 Morgan Rielly            Keith Yandle                                      10     1   2  2  

PowerPlay Forward 
   Center                   Left Wing                Right Wing               Time % Phy DF OF 
 1 John Tavares             Kevin Fiala              Jake DeBrusk             55     1   2  2  
 2 Jordan Staal             Kasperi Kapanen          Adrian Kempe             45     1   2  2  

PowerPlay Defense
   Defense                  Defense                                           Time % Phy DF OF 
 1 Morgan Rielly            Keith Yandle                                      55     1   2  2  
 2 Justin Faulk             Noah Hanifin                                      45     1   2  2  

Penalty Kill 4 Players Forward 
   Center                   Wing                     Time % Phy DF OF 
 1 John Tavares             Jordan Staal             55     1   2  2  
 2 Kasperi Kapanen          Kevin Fiala              45     1   2  2  

Penalty Kill 4 Players Defense
   Defense                  Defense                  Time % Phy DF OF 
 1 Morgan Rielly            Keith Yandle             55     1   2  2  
 2 Jake Gardiner            Noah Hanifin             45     1   2  2  

Penalty Kill - 3 Players Forward 
   Forward                                           Time % Phy DF OF 
 1 John Tavares                                      55     1   2  2  
 2 Jordan Staal                                      45     1   2  2  

Penalty Kill - 3 Players Defense
   Defense                  Defense                  Time % Phy DF OF 
 1 Morgan Rielly            Keith Yandle             55     1   2  2  
 2 Jake Gardiner            Noah Hanifin             45     1   2  2  

4 vs 4 Forward 
   Center                   Wing                     Time % Phy DF OF 
 1 John Tavares             Jordan Staal             55     1   2  2  
 2 Richard Panik            Kevin Fiala              45     1   2  2  

4 vs 4 Defense
   Defense                  Defense                  Time % Phy DF OF 
 1 Morgan Rielly            Keith Yandle             55     1   2  2  
 2 Justin Faulk             Noah Hanifin             45     1   2  2  

Last Minutes Offensive
   Center                   Left Wing                Right Wing               Defense                  Defense                  
   John Tavares             Kevin Fiala              Jake DeBrusk             Morgan Rielly            Keith Yandle             

Last Minutes Defensive
   Center                   Left Wing                Right Wing               Defense                  Defense                  
   John Tavares             Kevin Fiala              Jake DeBrusk             Morgan Rielly            Keith Yandle             

Goaltenders
Starting : Pekka Rinne              
Backup : Mackenzie Blackwood      

Extra Forwards
Normal : Michael Grabner, Richard Panik, Sam Bennett - PP : Michael Grabner, Richard Panik - PK : Sam Bennett
Extra Defensemen
Normal : Justin Faulk, Jake Gardiner, Keith Yandle - PP : Justin Faulk - PK : Jake Gardiner, Morgan Rielly
Penalty Shots
John Tavares, Jordan Staal, Michael Grabner, Kevin Fiala, Kasperi Kapanen
Custom OT Lines Forwards
John Tavares, Jordan Staal, Jake DeBrusk, Kevin Fiala, Kasperi Kapanen, Adrian Kempe, Michael Grabner, Richard Panik, Sam Bennett, Pierre Engvall
Custom OT Lines Defensemen
Morgan Rielly, Keith Yandle, Jake Gardiner, Noah Hanifin, Justin Faulk

Scratches
Thomas Hickey (Healthy), Patrik Nemeth (Right Hand Injury), Mike Condon (Healthy)

SAN JOSE BRONCOS

5 vs 5 Forward 
   Center                   Left Wing                Right Wing               Time % Phy DF OF 
 1 Evgeni Malkin            Claude Giroux            Connor Brown             36     1   2  2  
 2 Brayden Point            Oliver Bjorkstrand       Elias Lindholm           33     1   2  2  
 3 Nick Bonino              Anthony Beauvillier      Jesper Bratt             25     1   2  2  
 4 Charlie Coyle            Tyler Motte              David Kampf              6      1   2  2  

5 vs 5 Defense 
   Defense                  Defense                                           Time % Phy DF OF 
 1 Jaccob Slavin            Hampus Lindholm                                   37     1   2  2  
 2 Chris Tanev              Neal Pionk                                        33     1   2  2  
 3 Adam Pelech              Marco Scandella                                   30     1   2  2  
 4 Hampus Lindholm          Jaccob Slavin                                     0      1   2  2  

PowerPlay Forward 
   Center                   Left Wing                Right Wing               Time % Phy DF OF 
 1 Evgeni Malkin            Claude Giroux            Connor Brown             60     1   2  2  
 2 Brayden Point            Oliver Bjorkstrand       Elias Lindholm           40     1   2  2  

PowerPlay Defense
   Defense                  Defense                                           Time % Phy DF OF 
 1 Jaccob Slavin            Neal Pionk                                        60     1   2  2  
 2 Hampus Lindholm          Chris Tanev                                       40     1   2  2  

Penalty Kill 4 Players Forward 
   Center                   Wing                     Time % Phy DF OF 
 1 Nick Bonino              Oliver Bjorkstrand       50     1   2  2  
 2 Evgeni Malkin            Tyler Motte              50     1   2  2  

Penalty Kill 4 Players Defense
   Defense                  Defense                  Time % Phy DF OF 
 1 Jaccob Slavin            Chris Tanev              50     1   2  2  
 2 Hampus Lindholm          Adam Pelech              50     1   2  2  

Penalty Kill - 3 Players Forward 
   Forward                                           Time % Phy DF OF 
 1 Nick Bonino                                       50     1   2  2  
 2 Claude Giroux                                     50     1   2  2  

Penalty Kill - 3 Players Defense
   Defense                  Defense                  Time % Phy DF OF 
 1 Jaccob Slavin            Chris Tanev              55     1   2  2  
 2 Neal Pionk               Adam Pelech              45     1   2  2  

4 vs 4 Forward 
   Center                   Wing                     Time % Phy DF OF 
 1 Brayden Point            Claude Giroux            50     1   2  2  
 2 Evgeni Malkin            Anthony Beauvillier      50     1   2  2  

4 vs 4 Defense
   Defense                  Defense                  Time % Phy DF OF 
 1 Hampus Lindholm          Jaccob Slavin            50     1   2  2  
 2 Adam Pelech              Marco Scandella          50     1   2  2  

Last Minutes Offensive
   Center                   Left Wing                Right Wing               Defense                  Defense                  
   Evgeni Malkin            Claude Giroux            Elias Lindholm           Jaccob Slavin            Neal Pionk               

Last Minutes Defensive
   Center                   Left Wing                Right Wing               Defense                  Defense                  
   Nick Bonino              Oliver Bjorkstrand       Connor Brown             Chris Tanev              Jaccob Slavin            

Goaltenders
Starting : Jacob Markstrom          
Backup : Petr Mrazek              

Extra Forwards
Normal : Connor Brown, Elias Lindholm, Charlie Coyle - PP : Oliver Bjorkstrand, Anthony Beauvillier - PK : Charlie Coyle
Extra Defensemen
Normal : Chris Tanev, Neal Pionk, Adam Pelech - PP : Hampus Lindholm - PK : Chris Tanev, Adam Pelech
Penalty Shots
Evgeni Malkin, Brayden Point, Elias Lindholm, Oliver Bjorkstrand, Claude Giroux
Custom OT Lines Forwards
Evgeni Malkin, Claude Giroux, Brayden Point, Oliver Bjorkstrand, Elias Lindholm, Connor Brown, Nick Bonino, Anthony Beauvillier, Charlie Coyle, Jesper Bratt
Custom OT Lines Defensemen
Jaccob Slavin, Hampus Lindholm, Chris Tanev, Adam Pelech, Neal Pionk

Scratches
None


% Time on Ice - ANAHEIM OUTLAWS

Lines # - Real PCT - Wanted PCT - Time Play
Normal Forward
1 - 28% - 29% - 15:12
2 - 29% - 29% - 15:47
3 - 26% - 26% - 14:14
4 - 16% - 16% - 8:46
Normal Defense
1 - 33% - 36% - 17:36
2 - 33% - 31% - 17:56
3 - 28% - 23% - 15:13
4 - 6% - 10% - 3:14
PP Forward
1 - 69% - 55% - 1:22
2 - 31% - 45% - 0:37
PP Defense
1 - 54% - 55% - 1:04
2 - 46% - 45% - 0:55
PK Forward
1 - 76% - 55% - 3:00
2 - 24% - 45% - 0:58
PK Defense
1 - 63% - 55% - 2:30
2 - 37% - 45% - 1:28
PK3 Forward
1 - 0% - 55%
2 - 0% - 45%
PK3 Defense
1 - 0% - 55%
2 - 0% - 45%
44 Forward
1 - 0% - 55%
2 - 0% - 45%
44 Defense
1 - 0% - 55%
2 - 0% - 45%
Last Minute Offensive  - 0:00
Last Minute Defensive  - 0:04
Total
Forward - 60:00
Defense - 60:00

% Time on Ice - SAN JOSE BRONCOS

Lines # - Real PCT - Wanted PCT - Time Play
Normal Forward
1 - 34% - 36% - 18:16
2 - 32% - 33% - 16:45
3 - 25% - 25% - 13:22
4 - 9% - 6% - 4:45
Normal Defense
1 - 36% - 37% - 19:02
2 - 33% - 33% - 17:37
3 - 31% - 30% - 16:29
4 - 0% - 0% - 0:00
PP Forward
1 - 37% - 60% - 1:29
2 - 63% - 40% - 2:29
PP Defense
1 - 41% - 60% - 1:38
2 - 59% - 40% - 2:20
PK Forward
1 - 39% - 50% - 0:47
2 - 61% - 50% - 1:12
PK Defense
1 - 0% - 50% - 0:00
2 - 100% - 50% - 1:59
PK3 Forward
1 - 0% - 50%
2 - 0% - 50%
PK3 Defense
1 - 0% - 55%
2 - 0% - 45%
44 Forward
1 - 0% - 50%
2 - 0% - 50%
44 Defense
1 - 0% - 50%
2 - 0% - 50%
Last Minute Offensive  - 0:55
Last Minute Defensive  - 0:00
Total
Forward - 60:00
Defense - 60:00

Play-by-Play

1st period


0:01 of 1st period - John Tavares wins face-off versus Evgeni Malkin in neutral zone.
0:06 of 1st period - Shot by Morgan Rielly.
0:06 of 1st period - Shot Misses the Net.
0:08 of 1st period - Shot by Morgan Rielly.
0:08 of 1st period - Stopped by Jacob Markstrom without a rebound.
0:09 of 1st period - Jordan Staal wins face-off versus Brayden Point in SAN JOSE BRONCOS zone.
0:36 of 1st period - Shot by Oliver Bjorkstrand.
0:36 of 1st period - Deflect By Elias Lindholm.
0:36 of 1st period - Stopped by Pekka Rinne without a rebound.
0:37 of 1st period - Nick Bonino wins face-off versus Sam Bennett in ANAHEIM OUTLAWS zone.
1:06 of 1st period - Michael Grabner is hit by Anthony Beauvillier and loses puck.
1:12 of 1st period - Off-side.
1:13 of 1st period - Evgeni Malkin wins face-off versus John Tavares in neutral zone.
2:17 of 1st period - Noah Hanifin is hit by Connor Brown and loses puck.
2:33 of 1st period - Elias Lindholm is hit by Matt Benning.
2:37 of 1st period - Shot by Oliver Bjorkstrand.
2:37 of 1st period - Stopped by Pekka Rinne without a rebound.
2:38 of 1st period - Charlie Coyle wins face-off versus Jordan Staal in ANAHEIM OUTLAWS zone.
2:51 of 1st period - Shot by Charlie Coyle.
2:51 of 1st period - Shot Misses the Net.
2:53 of 1st period - Shot by Charlie Coyle.
2:53 of 1st period - Deflect By David Kampf.
2:53 of 1st period - Shot Misses the Net.
2:55 of 1st period - Shot by Charlie Coyle.
2:55 of 1st period - Shot Misses the Net.
3:03 of 1st period - Shot by Tyler Motte.
3:03 of 1st period - Shot Blocked by Kasperi Kapanen.
3:05 of 1st period - Shot by Adam Pelech.
3:05 of 1st period - Shot Misses the Net.
3:26 of 1st period - Icing by Justin Faulk.
3:27 of 1st period - Jordan Staal wins face-off versus Brayden Point in ANAHEIM OUTLAWS zone.
4:03 of 1st period - Shot by Elias Lindholm.
4:03 of 1st period - Shot Blocked by Noah Hanifin.
4:05 of 1st period - Shot by Chris Tanev.
4:05 of 1st period - Shot Misses the Net.
4:08 of 1st period - Oliver Bjorkstrand is hit by Matt Benning and loses puck.
4:47 of 1st period - Frederik Gauthier is hit by Nick Bonino and loses puck.
6:06 of 1st period - Shot by Connor Brown.
6:06 of 1st period - Stopped by Pekka Rinne with a rebound.
6:08 of 1st period - Shot by Adam Pelech.
6:08 of 1st period - Stopped by Pekka Rinne with a rebound.
6:10 of 1st period - Shot by Claude Giroux.
6:10 of 1st period - Shot Misses the Net.
7:34 of 1st period - Shot by Morgan Rielly.
7:34 of 1st period - Shot Misses the Net.
8:00 of 1st period - Shot by Charlie Coyle.
8:00 of 1st period - Stopped by Pekka Rinne without a rebound.
8:01 of 1st period - Evgeni Malkin wins face-off versus Jordan Staal in ANAHEIM OUTLAWS zone.
9:02 of 1st period - Pierre Engvall is hit by Hampus Lindholm and loses puck.
9:30 of 1st period - Shot by Kevin Fiala.
9:30 of 1st period - Stopped by Jacob Markstrom without a rebound.
9:31 of 1st period - Brayden Point wins face-off versus Sam Bennett in SAN JOSE BRONCOS zone.
10:32 of 1st period - Icing by Hampus Lindholm.
10:33 of 1st period - John Tavares wins face-off versus Evgeni Malkin in SAN JOSE BRONCOS zone.
10:38 of 1st period - Shot by John Tavares.
10:38 of 1st period - Stopped by Jacob Markstrom without a rebound.
10:39 of 1st period - John Tavares wins face-off versus Nick Bonino in SAN JOSE BRONCOS zone.
10:42 of 1st period - Shot by John Tavares.
10:42 of 1st period - Shot Blocked by Hampus Lindholm.
10:44 of 1st period - Shot by Keith Yandle.
10:44 of 1st period - Shot Blocked by Hampus Lindholm.
10:54 of 1st period - Shot by John Tavares.
10:54 of 1st period - Shot Misses the Net.
10:56 of 1st period - Shot by John Tavares.
10:56 of 1st period - Goal by John Tavares - ANAHEIM OUTLAWS : 1 - SAN JOSE BRONCOS : 0.
10:57 of 1st period - Evgeni Malkin wins face-off versus Jordan Staal in neutral zone.
11:03 of 1st period - Off-side.
11:04 of 1st period - Evgeni Malkin wins face-off versus Jordan Staal in neutral zone.
11:38 of 1st period - Icing by Morgan Rielly.
11:39 of 1st period - Nick Bonino wins face-off versus Jordan Staal in ANAHEIM OUTLAWS zone.
12:37 of 1st period - Brayden Point is hit by Morgan Rielly.
13:04 of 1st period - Shot by Elias Lindholm.
13:04 of 1st period - Stopped by Pekka Rinne without a rebound.
13:05 of 1st period - John Tavares wins face-off versus Evgeni Malkin in ANAHEIM OUTLAWS zone.
13:34 of 1st period - Icing by Claude Giroux.
13:35 of 1st period - Evgeni Malkin wins face-off versus Sam Bennett in SAN JOSE BRONCOS zone.
13:35 of 1st period - Evgeni Malkin is hit by Sam Bennett.
13:38 of 1st period - Claude Giroux is hit by Sam Bennett and loses puck.
14:00 of 1st period - Connor Brown is hit by Justin Faulk and loses puck.
14:47 of 1st period - Brayden Point is hit by Jake Gardiner.
14:50 of 1st period - Icing by Justin Faulk.
14:51 of 1st period - Sam Bennett wins face-off versus Nick Bonino in ANAHEIM OUTLAWS zone.
14:51 of 1st period - Sam Bennett is hit by Nick Bonino.
16:47 of 1st period - Shot by Oliver Bjorkstrand.
16:47 of 1st period - Shot Misses the Net.
16:49 of 1st period - Shot by Elias Lindholm.
16:49 of 1st period - Shot Misses the Net.
16:51 of 1st period - Shot by Oliver Bjorkstrand.
16:51 of 1st period - Shot Misses the Net.
17:55 of 1st period - Shot by Charlie Coyle.
17:55 of 1st period - Deflect By David Kampf.
17:55 of 1st period - Stopped by Pekka Rinne without a rebound.
17:56 of 1st period - Evgeni Malkin wins face-off versus Jordan Staal in ANAHEIM OUTLAWS zone.
17:57 of 1st period - Shot by Connor Brown.
17:57 of 1st period - Stopped by Pekka Rinne without a rebound.
17:58 of 1st period - Jordan Staal wins face-off versus Evgeni Malkin in ANAHEIM OUTLAWS zone.
18:07 of 1st period - Off-side.
18:08 of 1st period - Frederik Gauthier wins face-off versus Nick Bonino in neutral zone.
18:14 of 1st period - Icing by Jaccob Slavin.
18:15 of 1st period - Nick Bonino wins face-off versus Jordan Staal in SAN JOSE BRONCOS zone.
18:33 of 1st period - Icing by Keith Yandle.
18:34 of 1st period - Evgeni Malkin wins face-off versus Jordan Staal in ANAHEIM OUTLAWS zone.
19:55 of 1st period - Shot by Elias Lindholm.
19:55 of 1st period - Shot Blocked by Joey Anderson.
Goals for this period are 1 for ANAHEIM OUTLAWS vs 0 for SAN JOSE BRONCOS.
Shots for this period are 4 for ANAHEIM OUTLAWS vs 8 for SAN JOSE BRONCOS.

2nd period


0:01 of 2nd period - Sam Bennett wins face-off versus Nick Bonino in neutral zone.
0:36 of 2nd period - Shot by Jesper Bratt.
0:36 of 2nd period - Stopped by Pekka Rinne with a rebound.
1:09 of 2nd period - Off-side.
1:10 of 2nd period - John Tavares wins face-off versus Evgeni Malkin in neutral zone.
1:19 of 2nd period - Icing by John Tavares.
1:20 of 2nd period - John Tavares wins face-off versus Connor Brown in ANAHEIM OUTLAWS zone.
1:51 of 2nd period - Shot by Evgeni Malkin.
1:51 of 2nd period - Deflect By Claude Giroux.
1:51 of 2nd period - Stopped by Pekka Rinne without a rebound.
1:52 of 2nd period - Brayden Point wins face-off versus Frederik Gauthier in ANAHEIM OUTLAWS zone.
1:53 of 2nd period - Shot by Oliver Bjorkstrand.
1:53 of 2nd period - Stopped by Pekka Rinne without a rebound.
1:54 of 2nd period - Brayden Point wins face-off versus Joey Anderson in ANAHEIM OUTLAWS zone.
2:08 of 2nd period - Off-side.
2:09 of 2nd period - Evgeni Malkin wins face-off versus Jordan Staal in neutral zone.
2:09 of 2nd period - Evgeni Malkin is hit by Adrian Kempe.
2:31 of 2nd period - Shot by Jordan Staal.
2:31 of 2nd period - Shot Blocked by Jaccob Slavin.
2:33 of 2nd period - Shot by Jordan Staal.
2:33 of 2nd period - Shot Blocked by Jaccob Slavin.
2:49 of 2nd period - Off-side.
2:50 of 2nd period - Frederik Gauthier wins face-off versus Brayden Point in neutral zone.
3:13 of 2nd period - Shot by Brayden Point.
3:13 of 2nd period - Stopped by Pekka Rinne with a rebound.
3:24 of 2nd period - Morgan Rielly is hit by Brayden Point and loses puck.
3:51 of 2nd period - Matt Benning is hit by Anthony Beauvillier and loses puck.
4:03 of 2nd period - Icing by Sam Bennett.
4:04 of 2nd period - Evgeni Malkin wins face-off versus Sam Bennett in ANAHEIM OUTLAWS zone.
4:08 of 2nd period - Icing by Michael Grabner.
4:09 of 2nd period - Jesper Bratt wins face-off versus Sam Bennett in ANAHEIM OUTLAWS zone.
4:45 of 2nd period - Shot by Nick Bonino.
4:45 of 2nd period - Shot Misses the Net.
5:12 of 2nd period - Icing by Hampus Lindholm.
5:13 of 2nd period - Evgeni Malkin wins face-off versus John Tavares in SAN JOSE BRONCOS zone.
5:15 of 2nd period - Claude Giroux is hit by Kevin Fiala and loses puck.
5:20 of 2nd period - Kevin Fiala is hit by Evgeni Malkin and loses puck.
6:01 of 2nd period - Shot by Claude Giroux.
6:01 of 2nd period - Stopped by Pekka Rinne with a rebound.
6:03 of 2nd period - Shot by Claude Giroux.
6:03 of 2nd period - Shot Misses the Net.
6:21 of 2nd period - Shot by Brayden Point.
6:21 of 2nd period - Stopped by Pekka Rinne without a rebound.
6:22 of 2nd period - Jordan Staal wins face-off versus Charlie Coyle in ANAHEIM OUTLAWS zone.
6:55 of 2nd period - Shot by David Kampf.
6:55 of 2nd period - Shot Misses the Net.
7:12 of 2nd period - Off-side.
7:13 of 2nd period - Frederik Gauthier wins face-off versus Elias Lindholm in neutral zone.
7:25 of 2nd period - Shot by Elias Lindholm.
7:25 of 2nd period - Stopped by Pekka Rinne with a rebound.
7:27 of 2nd period - Shot by Oliver Bjorkstrand.
7:27 of 2nd period - Shot Misses the Net.
7:29 of 2nd period - Shot by Oliver Bjorkstrand.
7:29 of 2nd period - Stopped by Pekka Rinne without a rebound.
7:30 of 2nd period - Evgeni Malkin wins face-off versus Sam Bennett in ANAHEIM OUTLAWS zone.
8:18 of 2nd period - Shot by Evgeni Malkin.
8:18 of 2nd period - Shot Misses the Net.
9:09 of 2nd period - Shot by Brayden Point.
9:09 of 2nd period - Deflect By Elias Lindholm.
9:09 of 2nd period - Shot Misses the Net.
9:11 of 2nd period - Shot by Oliver Bjorkstrand.
9:11 of 2nd period - Shot Misses the Net.
9:13 of 2nd period - Shot by Oliver Bjorkstrand.
9:13 of 2nd period - Shot Blocked by Justin Faulk.
9:15 of 2nd period - Shot by Oliver Bjorkstrand.
9:15 of 2nd period - Stopped by Pekka Rinne without a rebound.
9:16 of 2nd period - John Tavares wins face-off versus Nick Bonino in ANAHEIM OUTLAWS zone.
9:22 of 2nd period - Jesper Bratt is hit by Noah Hanifin and loses puck.
9:36 of 2nd period - Icing by Adam Pelech.
9:37 of 2nd period - Frederik Gauthier wins face-off versus Nick Bonino in SAN JOSE BRONCOS zone.
10:07 of 2nd period - Icing by Anthony Beauvillier.
10:08 of 2nd period - John Tavares wins face-off versus Nick Bonino in SAN JOSE BRONCOS zone.
10:57 of 2nd period - Oliver Bjorkstrand is hit by Matt Benning and loses puck.
11:06 of 2nd period - Shot by Oliver Bjorkstrand.
11:06 of 2nd period - Shot Misses the Net.
11:25 of 2nd period - Off-side.
11:26 of 2nd period - Jordan Staal wins face-off versus Claude Giroux in neutral zone.
11:41 of 2nd period - Adrian Kempe is hit by Evgeni Malkin and loses puck.
11:52 of 2nd period - Kasperi Kapanen is hit by Claude Giroux and loses puck.
12:56 of 2nd period - Shot by David Kampf.
12:56 of 2nd period - Shot Hit the Post.
13:35 of 2nd period - Shot by Elias Lindholm.
13:35 of 2nd period - Shot Blocked by Justin Faulk.
13:37 of 2nd period - Shot by Oliver Bjorkstrand.
13:37 of 2nd period - Shot Blocked by Justin Faulk.
13:43 of 2nd period - Shot by Elias Lindholm.
13:43 of 2nd period - Shot Misses the Net.
13:53 of 2nd period - Shot by Elias Lindholm.
13:53 of 2nd period - Stopped by Pekka Rinne without a rebound.
13:54 of 2nd period - Evgeni Malkin wins face-off versus Michael Grabner in ANAHEIM OUTLAWS zone.
14:03 of 2nd period - Shot by Claude Giroux.
14:03 of 2nd period - Shot Misses the Net.
14:31 of 2nd period - Icing by Connor Brown.
14:32 of 2nd period - Evgeni Malkin wins face-off versus John Tavares in SAN JOSE BRONCOS zone.
15:01 of 2nd period - Shot by Jake DeBrusk.
15:01 of 2nd period - Shot Misses the Net.
15:03 of 2nd period - Shot by Jake DeBrusk.
15:03 of 2nd period - Shot Blocked by Connor Brown.
15:28 of 2nd period - Off-side.
15:29 of 2nd period - Jordan Staal wins face-off versus Brayden Point in neutral zone.
16:00 of 2nd period - Shot by Morgan Rielly.
16:00 of 2nd period - Stopped by Jacob Markstrom with a rebound.
16:02 of 2nd period - Shot by Adrian Kempe.
16:02 of 2nd period - Stopped by Jacob Markstrom without a rebound.
16:03 of 2nd period - Sam Bennett wins face-off versus Nick Bonino in SAN JOSE BRONCOS zone.
16:10 of 2nd period - Shot by Richard Panik.
16:10 of 2nd period - Deflect By Sam Bennett.
16:10 of 2nd period - Shot Misses the Net.
16:50 of 2nd period - Shot by John Tavares.
16:50 of 2nd period - Stopped by Jacob Markstrom with a rebound.
16:52 of 2nd period - Shot by Kevin Fiala.
16:52 of 2nd period - Stopped by Jacob Markstrom with a rebound.
16:54 of 2nd period - Shot by Matt Benning.
16:54 of 2nd period - Shot Misses the Net.
17:06 of 2nd period - Shot by John Tavares.
17:06 of 2nd period - Goal by John Tavares - ANAHEIM OUTLAWS : 2 - SAN JOSE BRONCOS : 0.
17:07 of 2nd period - Jordan Staal wins face-off versus Brayden Point in neutral zone.
17:17 of 2nd period - Shot by Elias Lindholm.
17:17 of 2nd period - Stopped by Pekka Rinne without a rebound.
17:18 of 2nd period - Evgeni Malkin wins face-off versus John Tavares in ANAHEIM OUTLAWS zone.
17:18 of 2nd period - Minor Penalty to Morgan Rielly for Hooking.
17:19 of 2nd period - Evgeni Malkin wins face-off versus John Tavares in ANAHEIM OUTLAWS zone.
17:50 of 2nd period - Shot by Claude Giroux.
17:50 of 2nd period - Shot Misses the Net.
17:52 of 2nd period - Shot by Jaccob Slavin.
17:52 of 2nd period - Shot Misses the Net.
17:54 of 2nd period - Shot by Jaccob Slavin.
17:54 of 2nd period - Stopped by Pekka Rinne without a rebound.
17:55 of 2nd period - Brayden Point wins face-off versus Kasperi Kapanen in ANAHEIM OUTLAWS zone.
18:35 of 2nd period - Icing by Chris Tanev.
18:36 of 2nd period - John Tavares wins face-off versus Brayden Point in SAN JOSE BRONCOS zone.
18:39 of 2nd period - Shot by John Tavares.
18:39 of 2nd period - Stopped by Jacob Markstrom with a rebound.
18:42 of 2nd period - Icing by Brayden Point.
18:43 of 2nd period - John Tavares wins face-off versus Brayden Point in SAN JOSE BRONCOS zone.
Goals for this period are 1 for ANAHEIM OUTLAWS vs 0 for SAN JOSE BRONCOS.
Shots for this period are 6 for ANAHEIM OUTLAWS vs 12 for SAN JOSE BRONCOS.

3rd period


0:01 of 3rd period - Brayden Point wins face-off versus Jordan Staal in neutral zone.
0:10 of 3rd period - Shot by Oliver Bjorkstrand.
0:10 of 3rd period - Shot Blocked by Keith Yandle.
0:23 of 3rd period - Shot by Kasperi Kapanen.
0:23 of 3rd period - Shot Misses the Net.
0:42 of 3rd period - Off-side.
0:43 of 3rd period - Nick Bonino wins face-off versus John Tavares in neutral zone.
0:50 of 3rd period - Shot by Nick Bonino.
0:50 of 3rd period - Shot Misses the Net.
1:03 of 3rd period - Shot by Nick Bonino.
1:03 of 3rd period - Shot Misses the Net.
1:25 of 3rd period - Off-side.
1:26 of 3rd period - Sam Bennett wins face-off versus Brayden Point in neutral zone.
1:50 of 3rd period - Off-side.
1:51 of 3rd period - Jordan Staal wins face-off versus Evgeni Malkin in neutral zone.
2:08 of 3rd period - Shot by Evgeni Malkin.
2:08 of 3rd period - Shot Misses the Net.
2:10 of 3rd period - Shot by Chris Tanev.
2:10 of 3rd period - Stopped by Pekka Rinne without a rebound.
2:11 of 3rd period - Brayden Point wins face-off versus John Tavares in ANAHEIM OUTLAWS zone.
2:16 of 3rd period - Shot by Elias Lindholm.
2:16 of 3rd period - Shot Misses the Net.
2:18 of 3rd period - Shot by Elias Lindholm.
2:18 of 3rd period - Shot Misses the Net.
2:22 of 3rd period - Shot by Oliver Bjorkstrand.
2:22 of 3rd period - Deflect By Brayden Point.
2:22 of 3rd period - Stopped by Pekka Rinne without a rebound.
2:23 of 3rd period - Evgeni Malkin wins face-off versus Jordan Staal in ANAHEIM OUTLAWS zone.
2:28 of 3rd period - Shot by Evgeni Malkin.
2:28 of 3rd period - Stopped by Pekka Rinne with a rebound.
2:32 of 3rd period - Shot by Evgeni Malkin.
2:32 of 3rd period - Stopped by Pekka Rinne without a rebound.
2:33 of 3rd period - John Tavares wins face-off versus Brayden Point in ANAHEIM OUTLAWS zone.
3:52 of 3rd period - Shot by Claude Giroux.
3:52 of 3rd period - Shot Misses the Net.
3:54 of 3rd period - Shot by Evgeni Malkin.
3:54 of 3rd period - Stopped by Pekka Rinne without a rebound.
3:55 of 3rd period - Jordan Staal wins face-off versus Nick Bonino in ANAHEIM OUTLAWS zone.
4:43 of 3rd period - Adam Pelech is hit by Jordan Staal and loses puck.
4:55 of 3rd period - Icing by Jesper Bratt.
4:56 of 3rd period - Nick Bonino wins face-off versus Sam Bennett in SAN JOSE BRONCOS zone.
5:14 of 3rd period - Nick Bonino is hit by Sam Bennett and loses puck.
6:36 of 3rd period - Off-side.
6:37 of 3rd period - Jordan Staal wins face-off versus Oliver Bjorkstrand in neutral zone.
7:04 of 3rd period - Shot by Adrian Kempe.
7:04 of 3rd period - Deflect By Jordan Staal.
7:04 of 3rd period - Shot Misses the Net.
7:26 of 3rd period - Shot by Elias Lindholm.
7:26 of 3rd period - Goal by Elias Lindholm - ANAHEIM OUTLAWS : 2 - SAN JOSE BRONCOS : 1.
7:27 of 3rd period - Charlie Coyle wins face-off versus Sam Bennett in neutral zone.
7:42 of 3rd period - Icing by Michael Grabner.
7:43 of 3rd period - Sam Bennett wins face-off versus Evgeni Malkin in ANAHEIM OUTLAWS zone.
7:51 of 3rd period - Icing by Neal Pionk.
7:52 of 3rd period - Evgeni Malkin wins face-off versus Jake DeBrusk in SAN JOSE BRONCOS zone.
8:08 of 3rd period - Minor Penalty to John Tavares for Holding Stick.
8:09 of 3rd period - Sam Bennett wins face-off versus Brayden Point in ANAHEIM OUTLAWS zone.
8:17 of 3rd period - Off-side.
8:18 of 3rd period - Evgeni Malkin wins face-off versus Sam Bennett in neutral zone.
9:23 of 3rd period - Icing by Oliver Bjorkstrand.
9:24 of 3rd period - Brayden Point wins face-off versus Kasperi Kapanen in SAN JOSE BRONCOS zone.
9:35 of 3rd period - Shot by Elias Lindholm.
9:35 of 3rd period - Shot Misses the Net.
9:37 of 3rd period - Shot by Hampus Lindholm.
9:37 of 3rd period - Stopped by Pekka Rinne without a rebound.
9:38 of 3rd period - Jordan Staal wins face-off versus Brayden Point in ANAHEIM OUTLAWS zone.
10:27 of 3rd period - Kevin Fiala is hit by Anthony Beauvillier and loses puck.
10:36 of 3rd period - Shot by Nick Bonino.
10:36 of 3rd period - Stopped by Pekka Rinne without a rebound.
10:37 of 3rd period - Claude Giroux wins face-off versus Frederik Gauthier in ANAHEIM OUTLAWS zone.
10:54 of 3rd period - Shot by Claude Giroux.
10:54 of 3rd period - Shot Misses the Net.
10:56 of 3rd period - Shot by Connor Brown.
10:56 of 3rd period - Shot Misses the Net.
13:01 of 3rd period - Minor Penalty to Adam Pelech for Holding.
13:02 of 3rd period - John Tavares wins face-off versus Evgeni Malkin in SAN JOSE BRONCOS zone.
13:09 of 3rd period - Shot by John Tavares.
13:09 of 3rd period - Shot Misses the Net.
14:29 of 3rd period - Icing by Keith Yandle.
14:30 of 3rd period - Nick Bonino wins face-off versus Jordan Staal in ANAHEIM OUTLAWS zone.
14:33 of 3rd period - Shot by Oliver Bjorkstrand.
14:33 of 3rd period - Stopped by Pekka Rinne without a rebound.
14:34 of 3rd period - John Tavares wins face-off versus Nick Bonino in ANAHEIM OUTLAWS zone.
14:34 of 3rd period - John Tavares is hit by Nick Bonino.
15:08 of 3rd period - Shot by Nick Bonino.
15:08 of 3rd period - Shot Blocked by Jake Gardiner.
15:28 of 3rd period - Shot by Michael Grabner.
15:28 of 3rd period - Shot Misses the Net.
15:30 of 3rd period - Shot by Justin Faulk.
15:30 of 3rd period - Shot Blocked by Marco Scandella.
15:32 of 3rd period - Shot by Justin Faulk.
15:32 of 3rd period - Stopped by Jacob Markstrom without a rebound.
15:33 of 3rd period - Jordan Staal wins face-off versus Evgeni Malkin in SAN JOSE BRONCOS zone.
15:35 of 3rd period - Adrian Kempe is hit by Chris Tanev and loses puck.
15:42 of 3rd period - Shot by Evgeni Malkin.
15:42 of 3rd period - Shot Misses the Net.
15:50 of 3rd period - Shot by Claude Giroux.
15:50 of 3rd period - Stopped by Pekka Rinne without a rebound.
15:51 of 3rd period - Brayden Point wins face-off versus Frederik Gauthier in ANAHEIM OUTLAWS zone.
15:54 of 3rd period - Shot by Elias Lindholm.
15:54 of 3rd period - Shot Misses the Net.
16:53 of 3rd period - Shot by Kevin Fiala.
16:53 of 3rd period - Stopped by Jacob Markstrom with a rebound.
17:09 of 3rd period - Shot by Claude Giroux.
17:09 of 3rd period - Shot Misses the Net.
18:09 of 3rd period - Shot by Adrian Kempe.
18:09 of 3rd period - Stopped by Jacob Markstrom without a rebound.
18:10 of 3rd period - Charlie Coyle wins face-off versus Sam Bennett in SAN JOSE BRONCOS zone.
18:28 of 3rd period - Shot by Charlie Coyle.
18:28 of 3rd period - Shot Misses the Net.
18:30 of 3rd period - Shot by Tyler Motte.
18:30 of 3rd period - Shot Blocked by Morgan Rielly.
19:12 of 3rd period - SAN JOSE BRONCOS, Jacob Markstrom is pulled from the net.
19:33 of 3rd period - Shot by Adrian Kempe.
19:33 of 3rd period - Shot Blocked by Chris Tanev.
19:58 of 3rd period - Icing by Chris Tanev.
19:59 of 3rd period - Jacob Markstrom from SAN JOSE BRONCOS was sent back in the game.
19:59 of 3rd period - John Tavares wins face-off versus Evgeni Malkin in SAN JOSE BRONCOS zone.
Goals for this period are 0 for ANAHEIM OUTLAWS vs 1 for SAN JOSE BRONCOS.
Shots for this period are 3 for ANAHEIM OUTLAWS vs 10 for SAN JOSE BRONCOS.


SEBASTIAN
AHO
MARK
SCHEIFELE
JAKE
OETTINGER

EAST COAST

HOCKEY LEAGUE

  • 17.QUE3CHI2
  • 18.CHA2LIM4
  • 19.TRV3LON2
  • 20.CHW1BAL2
  • 21.PITMAN
  • 22.ATLNHW
  • 23.WORPET
  • 24.RHI